 Dungeon Crawl Stone Soup version 0.15.2-1-g79e6ab2eea (webtiles) character file.

639 MisterOstroum the Skirmisher (level 7, -1/55 HPs)
             Began as a Mummy Monk on Nov 25, 2020.
             Was a Believer of Kikubaaqudgha.
             Slain by a centaur (13 damage)
             ... on Level 5 of the Dungeon.
             The game lasted 00:24:12 (9974 turns).

MisterOstroum the Skirmisher (Mummy Monk)           Turns: 9974, Time: 00:24:12

HP  -1/55        AC  2     Str 16      XL: 7   Next: 26%
MP   4/8         EV 13     Int  9      God: Kikubaaqudgha [**....]
Gold 270         SH  0     Dex 14      Spells:  3 memorised,  3 levels left

rFire  x x .     SeeInvis .     K - +0 cutlass
rCold  + + .     Clarity  .     y - +0 robe
rNeg   + + +     rCorr    +     (no shield)
rPois  +         rRot     +     (no helmet)
rElec  .         Spirit   .     (no cloak)
SustAb .         Warding  .     (no gloves)
rMut   .         Stasis   .     (no boots)
Gourm  .                        u - amulet of resist corrosion
MR     .....                    (no ring)
                                r - ring of ice

@: not resistant to hostile enchantments, unstealthy
A: no food or potions, fire vulnerability, restore body, cold resistance 1,
negative energy resistance 3, poison resistance, torment resistance, unbreathing
a: Receive Corpses, Renounce Religion


You were on level 5 of the Dungeon.
You worshipped Kikubaaqudgha.
Kikubaaqudgha was pleased with you.
You were not hungry.

You visited 2 branches of the dungeon, and saw 6 of its levels.

You collected 270 gold pieces.

Inventory:

Hand weapons
 a - a +2 dagger of venom
 b - a +0 hunting sling
 F - a +0 spear
 H - a +3 short sword
 K - a +0 cutlass (weapon)
Missiles
 c - 121 stones (quivered) {=f}
 f - 24 sling bullets {=f}
 l - 5 large rocks
 n - 41 arrows
 o - 15 bolts
Armour
 i - a +0 leather armour
 t - a cursed -1 crystal plate armour
 y - a +0 robe (worn)
Magical devices
 p - a wand of cold (0)
Scrolls
 d - 8 scrolls of identify {unknown}
 e - a scroll of enchant weapon {unknown}
 g - 2 scrolls of immolation {unknown}
 h - 3 scrolls of fog {unknown}
 j - 2 scrolls of blinking {unknown}
 k - a scroll of amnesia {unknown}
 s - a scroll of magic mapping {unknown}
 w - 5 scrolls of remove curse {@r2}
 G - 2 scrolls of recharging {unknown}
 I - 2 scrolls of teleportation {unknown}
Jewellery
 r - a ring of ice (left hand)
 u - an amulet of resist corrosion (around neck)
Books
 m - a book of Power

   Spells                             Type                      Level
   Fulminant Prism                    Conjuration/Hexes            4
   Iskenderun's Mystic Blast          Conjuration                  4
   Venom Bolt                         Conjuration/Poison           5
   Bolt of Magma                      Conjuration/Fire/Earth       5
   Iron Shot                          Conjuration/Earth            6
   Orb of Destruction                 Conjuration                  7
 q - Kikubaaqudgha's Collected Works on Evil
   (Kikubaaqudgha gifted it to you on level 3 of the Dungeon)

   Spells                             Type                      Level
   *Animate Skeleton                  Necromancy                   1
   *Pain                              Necromancy                   1
   *Corpse Rot                        Necromancy                   2
   Vampiric Draining                  Necromancy                   3
   Control Undead                     Necromancy                   4


   Skills:
 + Level 4.8 Fighting
 - Level 2.9 Short Blades
 - Level 2.4 Dodging
 - Level 3.6 Stealth
 - Level 3.9 Unarmed Combat
 + Level 0.6 Spellcasting
 * Level 2.3 Necromancy
   Level 1.3 Evocations


You had 3 spell levels left.
You knew the following spells:

 Your Spells              Type           Power        Failure   Level  Hunger
a - Pain                  Necr           #...         17%         1    N/A
b - Animate Skeleton      Necr           N/A          17%         1    N/A
c - Corpse Rot            Necr           N/A          28%         2    N/A

Dungeon Overview and Level Annotations

Branches:
Dungeon (5/15)             Temple (1/1) D:4

Altars:
Ashenzari
Cheibriados
Dithmenos
Elyvilon
Fedhas
Kikubaaqudgha
Nemelex Xobeh
Vehumet
Yredelemnul
Zin
The Shining One

Annotations:
D:5 exclusion: skeleton, Dowan


Innate Abilities, Weirdness & Mutations

You do not eat or drink.
Your flesh is vulnerable to fire.
Your flesh is cold resistant.
You are immune to negative energy.
Your system is resistant to poisons.
You are immune to unholy pain and torment.
You can survive without breathing.


Message History

The kobold hits you.
You closely miss the kobold.
The kobold is almost dead.
The kobold completely misses you.
You hit the kobold.
You kill the kobold!
Kikubaaqudgha accepts your kill.
Really walk into a travel-excluded area?
Press: ? - help, v - describe, . - travel The floor.
Reduced exclusion size to a single square.
Press: ? - help, v - describe, . - travel The floor.
Removed exclusion.
Your magical contamination has completely faded away.
Casting: Pain
Confirm with . or Enter, or press ? or * to list all spells.
Aiming: Pain
Press: ? - help, Shift-Dir - straight line, f - ice beast
Aim: an ice beast The ice beast resists.
You hit the ice beast.
The ice beast is lightly wounded.
The ice beast hits you but does no damage.
You hit the ice beast but do no damage.
The ice beast is lightly wounded.
The ice beast closely misses you.
You hit the ice beast but do no damage.
The ice beast is lightly wounded.
You hit the ice beast.
The ice beast is lightly wounded.
The ice beast closely misses you.
Wield which item (- for none, * to show all)? (? for menu, Esc to quit)
Your +2 dagger of venom stops dripping with poison.
K - a +0 cutlass (weapon)
The ice beast completely misses you.
You hit the ice beast but do no damage.
The ice beast is lightly wounded.
The ice beast hits you. The ice beast freezes you. You resist.
You barely miss the ice beast.
The ice beast is lightly wounded.
The ice beast misses you.
You hit the ice beast but do no damage.
The ice beast is lightly wounded.
The ice beast hits you. The ice beast freezes you. You resist.
You hit the ice beast.
The ice beast is lightly wounded.
The ice beast barely misses you.
You hit the ice beast.
The ice beast is moderately wounded.
The ice beast hits you. The ice beast freezes you. You resist.
You hit the ice beast but do no damage.
The ice beast is moderately wounded.
The ice beast hits you. The ice beast freezes you. You resist.
Casting: Pain
Confirm with . or Enter, or press ? or * to list all spells.
Aiming: Pain
Press: ? - help, Shift-Dir - straight line, f/p - ice beast
Aim: an ice beast (moderately wounded)
The ice beast convulses in agony!
The ice beast hits you. The ice beast freezes you. You resist.
Unknown command.
Casting: Pain
Confirm with . or Enter, or press ? or * to list all spells.
Aiming: Pain
Press: ? - help, Shift-Dir - straight line, f/p - ice beast
Aim: an ice beast (moderately wounded)
The ice beast resists.
The ice beast barely misses you.
Casting: Pain
Confirm with . or Enter, or press ? or * to list all spells.
Aiming: Pain
Press: ? - help, Shift-Dir - straight line, f/p - ice beast
Aim: an ice beast (moderately wounded)
The ice beast convulses in agony!
The ice beast misses you.
Casting: Pain
Confirm with . or Enter, or press ? or * to list all spells.
Aiming: Pain
Press: ? - help, Shift-Dir - straight line, f/p - ice beast
Aim: an ice beast (moderately wounded)
The ice beast resists.
The centaur drinks a potion.
The centaur goes berserk!
The ice beast closely misses you.
Casting: Pain
Confirm with . or Enter, or press ? or * to list all spells.
Aiming: Pain
Press: ? - help, Shift-Dir - straight line, f/p - ice beast
Aim: an ice beast (moderately wounded)
The ice beast convulses in agony!
The ice beast hits you. The ice beast freezes you. You resist.
The centaur rages.
Unknown command.
Unknown command.
The centaur closely misses you. The centaur hits you. The centaur hits you.
The centaur hits you!
* * * LOW HITPOINT WARNING * * *
The centaur closely misses you. The centaur barely misses you.
The centaur hits you!
You die...
Kikubaaqudgha rasps: "You have failed me!
Welcome... oblivion!"

..####...# ##......# ##.........
.!# ###.###...##### ##..#.......
.≈# #%##..#########..#........
..# #...............>......c..
..#######.%....#####...##........
..#..............................
≈.########..####...######........
^.≈#######..###..#########%......
^.P#..........Yc@...........>....
...######.....###########........
..P######..##.# #........
..P##......##.#### #....(...
..P##......##....### #........
§|≈≈##......####...######......./
D?.P##...........................
...^≈############.####.#.##......
.....# #.........#......


You could see an ice beast and a centaur (berserk).

Vanquished Creatures
  Edmund (D:4)
  An ogre (D:4)
  2 hounds
  An orc wizard (D:3)
  3 worker ants
  16 adders
  A gnoll skeleton (D:4)
  3 worms
  2 giant geckos
  4 orcs (D:3)
  A bat skeleton (D:4)
  7 giant cockroaches
  11 goblins
  9 hobgoblins
  5 jackals (D:5)
  3 quokkas
  A ball python (D:1)
  18 bats
  7 giant newts
  A goblin skeleton (D:4)
  16 kobolds
  11 rats
  A rat skeleton (D:4)
125 creatures vanquished.

Notes
Turn   | Place    | Note
--------------------------------------------------------------
     0 | D:1      | MisterOstroum, the Mummy Monk, began the quest for the Orb.
     0 | D:1      | Reached XP level 1. HP: 18/18 MP: 1/1
   447 | D:1      | Reached XP level 2. HP: 18/24 MP: 2/2
  1219 | D:1      | Reached XP level 3. HP: 21/29 MP: 3/3
  3606 | D:2      | Found a glowing golden altar of the Shining One.
  3674 | D:2      | Reached XP level 4. HP: 26/36 MP: 4/4
  4113 | D:3      | Reached skill level 1 in Short Blades
  4782 | D:2      | Found a glowing golden altar of the Shining One.
  5333 | D:2      | Found a glowing golden altar of the Shining One.
  5909 | D:2      | Found a glowing golden altar of the Shining One.
  6016 | D:3      | Reached XP level 5. HP: 42/42 MP: 5/5
  6031 | D:3      | Reached skill level 4 in Fighting
  6066 | D:3      | Found an ancient bone altar of Kikubaaqudgha.
  6742 | D:3      | Found an ancient bone altar of Kikubaaqudgha.
  7659 | D:3      | Found an ancient bone altar of Kikubaaqudgha.
  7922 | D:4      | Noticed Edmund
  7941 | D:4      | Killed Edmund
  7941 | D:4      | Reached skill level 1 in Evocations
  7941 | D:4      | Reached XP level 6. HP: 15/49 MP: 5/7
  8212 | D:4      | Found a staircase to the Ecumenical Temple.
  8221 | Temple   | Entered the Ecumenical Temple
  8480 | D:3      | Became a worshipper of Kikubaaqudgha
  8480 | D:3      | Acquired Kikubaaqudgha's first power
  8480 | D:3      | Received a gift from Kikubaaqudgha
  8480 | D:3      | Acquired Kikubaaqudgha's second power
  8481 | D:3      | Identified Kikubaaqudgha's Collected Works on Evil (Kikubaaqudgha gifted it to you on level 3 of the Dungeon)
  8484 | D:3      | Learned a level 1 spell: Animate Skeleton
  8486 | D:3      | Learned a level 1 spell: Pain
  8489 | D:3      | Learned a level 2 spell: Corpse Rot
  8714 | D:4      | Found a glowing silver altar of Zin.
  9097 | D:5      | Entered Level 5 of the Dungeon
  9206 | D:5      | Reached skill level 1 in Necromancy
  9258 | D:5      | Noticed a steam dragon
  9468 | D:5      | Noticed a steam dragon
  9559 | D:5      | Reached XP level 7. HP: 55/55 MP: 8/8
  9887 | D:5      | Noticed Dowan
  9974 | D:5      | Slain by a centaur

Action                   |  1- 3 |  4- 6 |  7- 9 || total
-------------------------+-------+-------+-------++-------
Melee: Unarmed           |    83 |       |       ||    83
       Dagger            |    39 |   177 |    38 ||   254
       Cutlass           |       |       |     6 ||     6
 Fire: Hunting sling     |     4 |    15 |       ||    19
Throw: Stone             |     8 |    13 |     4 ||    25
 Cast: Pain              |       |    26 |    21 ||    47
       Corpse Rot        |       |       |     2 ||     2
Invok: Receive Corpses   |       |       |     1 ||     1
Evoke: Wand              |       |     2 |       ||     2
  Use: Scroll            |     1 |     1 |       ||     2
 Stab: Sleeping          |     3 |     6 |       ||     9
